 Dungeon Crawl Stone Soup version 0.14-a0-30-gf0b6e91 (webtiles) character file.

355 PolkaDot the Firebug (level 5, -3/38 HPs)
             Began as a Lava Orc Fire Elementalist on Sept 26, 2013.
             Killed by divine providence
             ... invoked by an orc priest
              (11 damage)
             ... on Level 4 of the Dungeon.
             The game lasted 00:14:53 (3041 turns).

PolkaDot the Firebug (Lava Orc Fire Elementalist)   Turns: 3041, Time: 00:14:53

HP  -3/38        AC  4     Str 11      XL: 5   Next: 40%
MP   7/8         EV 12     Int 16      God:
Gold 166         SH  0     Dex 10 (11) Spells:  3 memorised,  0 levels left

Res.Fire  : + + +   See Invis. : .   d - +0 short sword
Res.Cold  : . . .   Warding    : .   a - +0 orc robe
Life Prot.: . . .   Conserve   : .   (no shield)
Res.Poison: +       Res.Corr.  : .   k - +0 horned helmet
Res.Elec. : .       Clarity    : .   f - +0 elf cloak (curse)
Sust.Abil.: . .     Spirit.Shd : .   (no gloves)
Res.Mut.  : .       Stasis     : .   (no boots)
Res.Rott. : .       Flight     : .   (no amulet)
Saprovore : + . .                    y - ring of poison resistance
                                     v - ring of sustenance

@: very slightly contaminated, slightly resistant to hostile enchantments,
fairly stealthy
A: cold resistance 1, conserve scrolls, saprovore 1
a: Convert to Beogh


You were on level 4 of the Dungeon.
You were not hungry.

You visited 1 branch of the dungeon, and saw 4 of its levels.

You collected 146 gold pieces.

Inventory:

Hand weapons
 d - a +0,+0 short sword (weapon)
Armour
 a - a +0 orcish robe (worn)
 f - a cursed +0 elven cloak (worn)
 k - a +0 horned helmet (worn)
 t - a +0 cloak
Magical devices
 l - a wand of digging (14)
Comestibles
 c - 3 meat rations
 g - 2 rotting chunks of human flesh
 n - a rotting chunk of kobold flesh
 o - 2 apples
 s - a bread ration
 w - 3 chunks of hobgoblin flesh
 x - a chunk of kobold flesh
 G - 5 strawberries
 H - a choko
Scrolls
 e - a scroll of noise
 i - 2 scrolls of teleportation {unknown}
 j - a scroll of curse jewellery {unknown}
 p - a scroll of identify
 q - a scroll of enchant armour {unknown}
 r - a scroll of curse armour {unknown}
 u - a scroll of remove curse {unknown}
 z - a scroll of fear {unknown}
 A - a scroll of enchant weapon II {unknown}
 F - a scroll of curse weapon {unknown}
Jewellery
 v - a ring of sustenance (left hand)
 y - a ring of poison resistance (right hand)
Potions
 h - a potion of poison {unknown}
Books
 b - a book of Flames

   Spells                             Type                      Level
   *Flame Tongue                      Conjuration/Fire             1
   *Throw Flame                       Conjuration/Fire             2
   *Conjure Flame                     Conjuration/Fire             3
   Inner Flame                        Hexes/Fire                   3
   Sticky Flame                       Conjuration/Fire             4
   Fireball                           Conjuration/Fire             5


   Skills:
 - Level 1.5 Dodging
 - Level 1.5 Stealth
 + Level 1.0 Spellcasting
 * Level 2.8 Conjurations
 * Level 6.6 Fire Magic


You couldn't memorise any spells.
You knew the following spells:

 Your Spells              Type           Power        Failure   Level  Hunger
a - Flame Tongue          Conj/Fire      #####        4%          1    ##.....
s - Throw Flame           Conj/Fire      #####.       8%          2    ###....
z - Conjure Flame         Conj/Fire      #####...     12%         3    ####...


Dungeon Overview and Level Annotations

Branches:
Dungeon (4/27)
 Temple: D:4-7

Altars:
Xom


Innate Abilities, Weirdness & Mutations

You have stony skin.
You cover ground slowly.
Your flesh is almost immune to the effects of heat.
Your fire spells are more powerful.
Your flesh is vulnerable to cold.
Your heat harms attackers.
You bathe your surroundings in blazing heat.
You are too hot to use scrolls.
You are very good at protecting items from fire.
You can tolerate rotten meat.
Your flesh is cold resistant.


Message History

The giant gecko bites you.
The giant frog skeleton hits you but does no damage.
The adder closely misses you.
You hit the orc but do no damage. The orc priest barely misses you.
The orc wizard gestures at you while chanting.
The magic dart hits you! The orc hits you but does no damage.
The giant gecko misses you.
The giant frog skeleton barely misses you.
The adder barely misses you.
You hit the orc.
The orc is lightly wounded.
The orc priest becomes somewhat translucent.
The giant gecko barely misses you. The giant frog skeleton misses you.
The orc wizard hits you with an orcish dagger.
* * * LOW HITPOINT WARNING * * *
The adder misses you. The orc closely misses you. The giant gecko bites you.
* * * LOW HITPOINT WARNING * * *
The orc priest invokes the aid of Beogh against you.
Something smites you!
You die...

....................).........#
.............).....########.###
...................# #........
..................# #.###)###
..................# #.#..
..........?.......# #.#..
.................### #.###
...........ol....... #....
..........@So..### #####
.......!.ozoo......
.........K....###
.............# ............#
...........# ...........
......... ...


You could see 2 orc priests, an orc wizard, an adder, 2 orcs, a giant gecko, a
kobold and a giant frog skeleton.

Vanquished Creatures
  A scorpion (D:3)
  Jessica (D:2)
  Terence (D:3)
  5 adders
  An inept feature mimic (D:3)
  A giant mite (D:1)
  A giant gecko (D:3)
  3 orcs
  A ball python (D:2)
  5 giant cockroaches
  7 hobgoblins
  2 jackals (D:2)
  A quokka (D:2)
  13 bats
  11 giant newts
  9 goblins
  13 kobolds
  8 rats
84 creatures vanquished.

Vanquished Creatures (others)
  4 toadstools (D:1)
4 creatures vanquished.

Grand Total: 88 creatures vanquished

Notes
Turn   | Place    | Note
--------------------------------------------------------------
     0 | D:1      | PolkaDot, the Lava Orc Fire Elementalist, began the quest for the Orb.
     0 | D:1      | Reached XP level 1. HP: 14/14 MP: 3/3
   421 | D:1      | Reached skill level 4 in Fire Magic
   430 | D:1      | Reached XP level 2. HP: 11/20 MP: 0/4
   639 | D:1      | Learned a level 2 spell: Throw Flame
  1055 | D:2      | Noticed Jessica
  1082 | D:2      | Reached skill level 5 in Fire Magic
  1082 | D:2      | Reached XP level 3. HP: 26/26 MP: 2/5
  1088 | D:2      | Killed Jessica
  1393 | D:2      | Found a shimmering altar of Xom.
  1399 | D:2      | Reached XP level 4. HP: 31/33 MP: 5/7
  1951 | D:2      | Reached skill level 6 in Fire Magic
  2584 | D:3      | Reached XP level 5. HP: 33/38 MP: 8/8
  2637 | D:3      | Gained mutation: Your flesh is cold resistant. [potion of beneficial mutation]
  2691 | D:3      | Learned a level 3 spell: Conjure Flame
  2705 | D:3      | Noticed Terence
  2729 | D:3      | Killed Terence
  3041 | D:4      | Killed from afar by an orc priest

Action                   |  1- 3 |  4- 6 || total
-------------------------+-------+-------++-------
Melee: Unarmed           |    14 |       ||    14
       Short sword       |    80 |   158 ||   238
 Cast: Flame Tongue      |    21 |    44 ||    65
       Throw Flame       |     7 |     7 ||    14
       Conjure Flame     |       |     1 ||     1
  Use: Scroll            |       |     2 ||     2
       Potion            |       |    10 ||    10
 Stab: Sleeping          |     1 |     5 ||     6
